 Dungeon Crawl Stone Soup version 0.21-a0-85-ga0cb861 (webtiles) character file.

339569 kuniqs the Peltast (level 21, -4/115 HPs)
             Began as a Vine Stalker Fighter on June 25, 2017.
             Was a Priest of Uskayaw.
             Slain by a ghostly vault warden
             ... wielding a +2 long sword
              (13 damage)
             ... on level 5 of the Vaults.
             The game lasted 01:20:30 (33314 turns).

kuniqs the Peltast (Vine Stalker Fighter)          Turns: 33314, Time: 01:20:31

Health: -4/115     AC: 26    Str: 31    XL:     21   Next: 96%
Magic:  0/33       EV: 14    Int:  8    God:    Uskayaw [***...]
Gold:   3482       SH: 28    Dex: 19    Spells: 20/20 levels left

rFire    + . .     SeeInvis +   n - +8 long sword "Hydrabane" {elec, rPois Str+2}
rCold    + . .     Gourm    .   E - +0 large shield
rNeg     . . .     Faith    .   o - +1 plate armour {rF+}
rPois    +         Spirit   +   g - +0 helmet "Ossuewes" {rElec rC+} (curse)
rElec    +         Reflect  +   D - scarf {repulsion}
rCorr    .         Harm     .   r - +1 pair of gloves
MR       ++...                  Y - +2 pair of boots {Fly}
Stlth    ..........             t - +6 amulet of reflection
HPRegen  1.09/turn              j - +3 ring of protection
MPRegen  0.23/turn              w - ring of see invisible

@: mighty, flying, drained, repel missiles
A: fangs 3, regeneration 2, magic shield, antimagic bite, no potion heal 3, rot
immunity
}: 2/15 runes: decaying, serpentine
a: Stomp, Line Pass, Renounce Religion, Stop Flying


You were on level 5 of the Vaults.
You worshipped Uskayaw.
Uskayaw was pleased with you.
You were very hungry.

You visited 7 branches of the dungeon, and saw 37 of its levels.
You also visited: Labyrinth and Volcano.

You collected 4313 gold pieces.
You spent 831 gold pieces at shops.

Inventory:

Hand Weapons
 n - the +8 long sword "Hydrabane" (weapon) {elec, rPois Str+2}
   (You found it on level 6 of the Dungeon)

   Occasionally, upon striking a foe, it will discharge some electrical energy
   and cause terrible harm.
   It affects your strength (+2).
   It protects you from poison.
 M - a +5 scimitar of electrocution
Missiles
 J - a throwing net (quivered)
Armour
 g - the cursed +0 helmet "Ossuewes" (worn) {rElec rC+}
   (You bought it in a shop on level 2 of the Orcish Mines)

   It protects you from cold.
   It insulates you from electricity.
   It has a curse placed upon it.
 o - a +1 plate armour of fire resistance (worn)
 r - a +1 pair of gloves (worn)
 D - a scarf of repulsion (worn)
 E - a +0 large shield (worn)
 Y - a +2 pair of boots of flying (worn)
Jewellery
 c - an uncursed ring of protection from fire
 j - a +3 ring of protection (left hand)
 t - a +6 amulet of reflection (around neck)
 w - a ring of see invisible (right hand)
 X - the amulet "Guajisch" {+Fly rN+ Regen+ Str+3 Int-5}
   (You found it on level 6 of the Lair of Beasts)

   [amulet of regeneration]

   It affects your strength (+3).
   It affects your intelligence (-5).
   It protects you from negative energy.
   It lets you fly.
   It increases your rate of regeneration.
Wands
 v - a wand of flame (39/48)
 x - a wand of iceblast (8/15)
 z - a wand of scattershot (2/9)
 B - a wand of paralysis (3/24)
 V - a wand of acid (4/15)
 W - a wand of digging (8/24)
 Z - a wand of acid (0/15)
Scrolls
 a - 4 scrolls of immolation
 h - 17 scrolls of remove curse {@r2}
 i - 8 scrolls of teleportation
 k - 5 scrolls of magic mapping
 q - 3 scrolls of fog
 y - a scroll of silence
 G - 5 scrolls of blinking
 I - 6 scrolls of recharging
 K - 2 scrolls of holy word
 L - 4 scrolls of identify {@r1}
 N - 3 scrolls of fear
 Q - a scroll of vulnerability
 U - 4 scrolls of enchant armour
Potions
 b - a potion of invisibility
 l - 7 potions of might
 m - 18 potions of curing {@q1}
 p - 6 potions of lignification
 s - 3 potions of agility
 A - 2 potions of resistance
 O - 4 potions of berserk rage
 S - a potion of cancellation
 T - 4 potions of haste
Miscellaneous
 F - a lightning rod (4/4)
 H - a sack of spiders
 R - a lamp of fire
Comestibles
 d - 25 bread rations
 e - 13 meat rations
 f - 14 fruits
 u - 9 royal jellies


   Skills:
 + Level 14.2(13.1) Fighting
   Level 4.2(8.9) Short Blades
 + Level 13.4(12.6) Long Blades
 + Level 12.6(11.6) Armour
 + Level 12.3(11.3) Dodging
 + Level 8.4(7.4) Stealth
 + Level 15.3(14.2) Shields
 + Level 14.9(13.8) Invocations
 - Level 10.6(9.6) Evocations


You had 20 spell levels left.
You didn't know any spells.

Dungeon Overview and Level Annotations

Branches:
Dungeon (15/15)            Temple (1/1) D:4            Lair (6/6) D:9
  Swamp (4/4) Lair:3        Snake (4/4) Lair:3        Slime (0/5) Lair:5
    Orc (2/2) D:10            Elf (0/3) Orc:2        Vaults (5/5) D:13
  Crypt (0/3) Vaults:3     Depths (0/5) D:15

Altars:
Ashenzari
Cheibriados
Dithmenos
Elyvilon
Fedhas
Gozag
Hepliaklqana
Kikubaaqudgha
Makhleb
Nemelex Xobeh
Okawaru
Qazlal
Ru
Sif Muna
Trog
Uskayaw
Vehumet
Wu Jian
Xom
Yredelemnul
Zin
The Shining One
Jiyva

Shops:
Orc:2 ([*=

Portals:
Trove: Vaults:1 (give 18 scrolls of teleportation)

Annotations:
Lair:3 exclusion: oklob plant
Lair:5 exclusion: 5 oklob plants


Innate Abilities, Weirdness & Mutations

You have razor-sharp teeth.
You heal very quickly.
When hurt, damage is shared between your health and your magic reserves.
Your bite disrupts and absorbs the magic of your enemies.
Potions cannot restore your health.
You are immune to rotting.


Message History

The freezing wraith completely resists.
The bolt of cold hits you! You resist.
* * * LOW HITPOINT WARNING * * *
You slash the ghostly vault warden! You bite the ghostly vault warden.
The ghostly vault warden's magic leaks into the air.
You drain its magic.
You feel invigorated.
You block the freezing wraith's attack. x2
The frost giant points at you and mumbles some strange words.
The bolt of cold hits the freezing wraith.
The freezing wraith completely resists.
The bolt of cold hits you! You resist.
* * * LOW HITPOINT WARNING * * *
The ghostly vault warden hits you with an enchanted long sword!!
* * * LOW HITPOINT WARNING * * *
You hit the freezing wraith. Your bite misses the freezing wraith.
Uskayaw will force your foes to helplessly watch your dance.
You completely miss the deep elf death mage.
You bite the deep elf death mage.
The deep elf death mage's magic leaks into the air.
You drain its magic.
You feel invigorated.
The ghostly vault warden hits you with an enchanted long sword!!
You die...

########################******
..............Wp........,,,,,*
...p..........Ce@.......,,,,,*
..#######################.,,,*
...###:###=###D###}###}#...,,*
#...#..p#.p.#...#...#...#.#,,*
##.#.#.#.#e#L#)#p#.#.#.#.#*,,*
*##...#...#T.D#D..#...#..,*,,*
*#.#)#.#.#.#2#c#)#.#.#.#,**,,*
#}..#...#..C#p1p#...#..,***,,*
##.#.#.#.#.#.#p#p#.#^#.#,**,,*


You could see a frost giant, a ghostly vault warden, a deep elf death mage and a
freezing wraith.

Vanquished Creatures
  An ancient lich (Vaults:5)
  Vashnia (Snake:2)
  A lich (Vaults:4)
  A titan (Vaults:5)
  Gastronok (D:11)
  Kirke (Lair:4)
  3 thorn hunters
  2 ancient champions (Vaults:3)
  3 tengu reavers
  3 fire giants
  7 nagarajas
  9 vault wardens
  A frost giant (D:15)
  An orc warlord (Orc:1)
  A deep elf elementalist (Vaults:4)
  4 very ugly things (Vaults:3)
  7 stone giants
  A war gargoyle (Vaults:4)
  6 ironheart preservers
  A vampire knight (Vaults:3)
  4 entropy weavers
  Azrael (D:13)
  A deep elf annihilator (Vaults:5)
  A minotaur (Lab)
  4 ettins
  A crystal guardian (Vaults:3)
  12 yaktaur captains
  3 great orbs of eyes
  2 fire dragons
  28 hydras
  Fannar (Orc:1)
  16 naga warriors
  21 vault guards
  3 catoblepae (Lair:6)
  2 rakshasas
  2 ghost crabs
  12 anacondas
  A catoblepas (shapeshifter) (Vaults:2)
  26 two-headed ogres
  4 centaur warriors
  4 ice dragons
  Erica (D:11)
  3 death knights
  8 ogre magi
  7 alligators
  11 death yaks
  A tengu warrior (D:15)
  17 naga sharpshooters
  4 orc high priests
  A deep troll earth mage (Vaults:4)
  Urug (Orc:1)
  5 shock serpents
  3 deep elf knights
  3 skeletal warriors
  Nergalle (Lair:1)
  A fire crab (shapeshifter) (Vaults:1)
  A shadow wraith (Vaults:2)
  5 unseen horrors
  14 swamp dragons
  A deep elf archer (D:15)
  8 ironbrand convokers
  4 spriggan druids
  An obsidian statue (D:14)
  A flayed ghost (Vaults:3)
  6 deep trolls
  3 shambling mangroves
  A glowing orange brain (Vaults:3)
  8 harpies
  11 naga ritualists
  A phantasmal warrior (Vaults:4)
  4 wizards
  41 ugly things
  9 mana vipers
  15 orc knights
  2 wolf spider zombies (D:14)
  2 deep elf magi
  6 orc sorcerers
  7 salamanders
  6 cyclopes
  4 wolf spiders
  5 manticores
  A moth of wrath (shapeshifter) (Vaults:4)
  3 guardian serpents (Snake:4)
  Maurice (D:13)
  11 vault sentinels
  29 naga magi
  A black mamba (shapeshifter) (Vaults:3)
  45 black mambas
  3 elephants (Lair:6)
  3 gargoyles
  2 efreet
  18 spiny frogs
  3 rime drakes (Lair:6)
  A kobold demonologist (D:15)
  4 freezing wraiths
  14 komodo dragons
  A guardian mummy (Vaults:1)
  A jumping spider (Vaults:3)
  28 yaktaurs
  3 tengu conjurers (D:15)
  A merfolk (D:9)
  A polar bear (shapeshifter) (Vaults:4)
  10 trolls
  2 merfolk (shapeshifter)
  A polar bear (Lair:5)
  8 tyrant leeches
  15 hornets
  A minotaur skeleton (Lab)
  A hornet (shapeshifter) (Vaults:4)
  27 slime creatures
  Prince Ribbit (D:5)
  13 hippogriffs
  13 blink frogs
  A blink frog (shapeshifter) (Vaults:4)
  A queen bee (shapeshifter) (Vaults:4)
  13 bog bodies
  A hippogriff (shapeshifter) (D:13)
  5 dream sheep (Lair:4)
  11 redbacks
  A yak (shapeshifter) (Vaults:2)
  7 shadows
  5 spriggans
  4 wyverns
  62 yaks
  2 vampires
  5 fire elementals
  2 tarantellas (shapeshifter)
  4 basilisks
  A hungry ghost (D:12)
  15 vampire mosquitoes
  2 steam dragons
  A soldier ant (shapeshifter) (Vaults:4)
  5 wargs
  47 nagas
  17 swamp worms
  2 acid dragons
  12 insubstantial wisps
  Duvessa (D:4)
  4 hell hounds (D:13)
  8 water moccasins
  2 soldier ants (D:6)
  2 porcupines
  2 black bears
  A meliai simulacrum (D:13)
  A hornet zombie (D:14)
  13 swamp drakes
  5 sky beasts
  4 ice beasts
  53 orc warriors
  2 necrophages
  A boggart (D:13)
  23 ogres
  4 wolves (Lair:5)
  13 centaurs
  10 crocodiles
  12 bullfrogs
  3 big kobolds
  A wyvern zombie (D:12)
  2 earth elementals (Volcano)
  Dowan (D:4)
  A wyvern skeleton (D:7)
  6 scorpions
  19 killer bees
  3 electric eels (Lair:1)
  15 wights
  6 howler monkeys
  8 crimson imps
  A centaur zombie (D:7)
  13 hounds
  Crazy Yiuf (D:4)
  3 centaur skeletons
  6 jellies
  23 orc priests
  2 bullfrog skeletons (D:13)
  2 iguanas
  28 orc wizards
  Natasha (twice) (D:4)
  13 worker ants
  A hound skeleton (D:7)
  2 adders
  7 gnolls
  3 shadow imps
  4 oozes
  5 adder skeletons
  3 worms
  5 dart slugs
  7 leopard geckos
  96 orcs
  3 ball pythons
  10 bats
  10 giant cockroaches
  11 goblins
  10 hobgoblins
  18 jackals
  18 kobolds
  5 quokkas
  2 frilled lizards
  A giant cockroach zombie (D:5)
  A quokka zombie (D:7)
  8 rats
  A butterfly (D:6)
  A fungus (Lair:6)
  5 plants
1486 creatures vanquished.

Vanquished Creatures (others)
  A yaktaur captain (Vaults:4)
  3 centaur warriors
  5 naga sharpshooters
  A shadow wraith (Vaults:4)
  A deep elf archer (D:15)
  2 yaktaurs
  A hornet (Swamp:3)
  A spriggan (Swamp:3)
  A redback (Vaults:4)
  4 humans (Lair:4)
  4 centaurs (D:15)
  An orc (D:7)
  A quokka (D:11)
  7 fungi
  9 plants
42 creatures vanquished.

Grand Total: 1528 creatures vanquished

Notes
Turn   | Place    | Note
-------+----------+-------------------------------------------
     0 | D:1      | kuniqs the Vine Stalker Fighter began the quest for the Orb.
     0 | D:1      | Reached XP level 1. HP: 11/11 MP: 2/2
   187 | D:1      | Reached XP level 2. HP: 16/16 MP: 3/3
   507 | D:1      | Reached skill level 3 in Shields
   692 | D:1      | Reached XP level 3. HP: 19/19 MP: 4/4
  1519 | D:2      | Gained mutation: Your natural rate of healing is unusually fast. [Vine Stalker growth]
  1519 | D:2      | Reached XP level 4. HP: 9/24 MP: 5/5
  1520 | D:2      | Reached skill level 1 in Dodging
  1586 | D:2      | Found a radiant altar of Vehumet.
  1586 | D:2      | Found a stormy altar of Qazlal.
  1591 | D:2      | Found a faded altar of an unknown god.
  1593 | D:2      | Found an ancient bone altar of Kikubaaqudgha.
  1595 | D:2      | Found an iron altar of Okawaru.
  1636 | D:2      | Found an iron altar of Okawaru.
  1967 | D:3      | Found a shadowy altar of Dithmenos.
  2066 | D:3      | Reached XP level 5. HP: 27/28 MP: 6/6
  2340 | D:3      | Reached skill level 4 in Shields
  2843 | D:4      | Noticed Natasha
  2870 | D:4      | Killed Natasha
  2870 | D:4      | Reached XP level 6. HP: 20/32 MP: 4/7
  2993 | D:4      | Found a staircase to the Ecumenical Temple.
  3009 | Temple   | Entered the Ecumenical Temple
  3136 | Temple   | Became a worshipper of Uskayaw the Reveler
  3176 | D:4      | Noticed Natasha
  3196 | D:4      | Reached * piety under Uskayaw
  3198 | D:4      | Reached ** piety under Uskayaw
  3199 | D:4      | Killed Natasha
  3348 | D:4      | Reached skill level 1 in Invocations
  3393 | Temple   | Reached XP level 7. HP: 17/36 MP: 8/8
  3474 | D:4      | Reached skill level 5 in Shields
  3474 | D:4      | Reached *** piety under Uskayaw
  3486 | D:4      | Reached **** piety under Uskayaw
  3671 | D:4      | Found a runed door.
  3826 | D:4      | Noticed Dowan
  3848 | D:5      | Entered Level 5 of the Dungeon
  3918 | D:5      | Found a hazy altar of Hepliaklqana.
  3920 | D:5      | Found a deep blue altar of Sif Muna.
  3968 | D:5      | Noticed Prince Ribbit
  4000 | D:5      | Killed Prince Ribbit
  4000 | D:5      | Gained mutation: You have razor-sharp teeth. [Vine Stalker growth]
  4000 | D:5      | Reached XP level 8. HP: 42/42 MP: 10/10
  4007 | D:5      | Reached ***** piety under Uskayaw
  4700 | D:6      | Found a runed door.
  4779 | D:6      | Reached skill level 6 in Shields
  4783 | D:6      | Found a runed door.
  4836 | D:6      | Identified the +8 long sword "Hydrabane" {elec, rPois Str+2} (You found it on level 6 of the Dungeon)
  5066 | D:6      | Found a shadowy altar of Dithmenos.
  5261 | D:6      | Reached XP level 9. HP: 46/46 MP: 12/12
  5269 | D:6      | Reached skill level 5 in Fighting
  5269 | D:6      | Reached skill level 1 in Long Blades
  5726 | D:7      | Reached skill level 7 in Shields
  5839 | D:7      | Noticed a troll
  5849 | D:7      | Killed a troll
  5849 | D:7      | Reached XP level 10. HP: 47/53 MP: 14/14
  6226 | D:7      | Reached skill level 5 in Armour
  7010 | D:4      | Noticed Duvessa
  7016 | D:4      | Killed Duvessa
  7017 | D:4      | Killed Dowan
  7040 | D:4      | Found a shimmering altar of Xom.
  7188 | D:4      | Noticed Crazy Yiuf
  7191 | D:4      | Killed Crazy Yiuf
  7370 | D:9      | Found a burning altar of Makhleb.
  7468 | D:9      | Reached skill level 5 in Invocations
  7786 | D:9      | Found a staircase to the Lair.
  7862 | D:9      | Noticed a two-headed ogre
  7871 | D:9      | Killed a two-headed ogre
  7871 | D:9      | Reached skill level 8 in Shields
  7908 | D:9      | Noticed a two-headed ogre
  7912 | D:9      | Killed a two-headed ogre
  7912 | D:9      | Reached skill level 5 in Dodging
  7924 | D:9      | Found a snail-covered altar of Cheibriados.
  8330 | D:9      | Reached XP level 11. HP: 51/58 MP: 14/16
  8475 | D:10     | Entered Level 10 of the Dungeon
  8564 | D:10     | Noticed a two-headed ogre
  8624 | D:10     | Found a shattered altar of Ashenzari.
  8652 | D:10     | Killed a two-headed ogre
  8977 | D:10     | Found a staircase to the Orcish Mines.
  9085 | D:10     | Noticed a two-headed ogre
  9091 | D:10     | Killed a two-headed ogre
  9091 | D:10     | Reached skill level 9 in Shields
  9226 | D:11     | Noticed Erica
  9238 | D:11     | Killed Erica
  9310 | D:11     | Reached skill level 5 in Long Blades
  9377 | D:11     | Noticed a brown ugly thing
  9392 | D:11     | Killed a brown ugly thing
  9404 | D:11     | Noticed a cyclops
  9465 | D:11     | Killed a cyclops
  9495 | D:11     | Noticed Gastronok
  9544 | D:11     | Killed Gastronok
  9590 | D:11     | Noticed a manticore
  9596 | D:11     | Killed a manticore
  9596 | D:11     | Gained mutation: You heal very quickly. [Vine Stalker growth]
  9596 | D:11     | Reached XP level 12. HP: 42/63 MP: 12/18
  9713 | D:11     | Found a white marble altar of Elyvilon.
  9876 | D:11     | Reached skill level 10 in Shields
 10325 | D:12     | Noticed a two-headed ogre
 10331 | D:12     | Killed a two-headed ogre
 10824 | Lair:1   | Entered Level 1 of the Lair of Beasts
 11044 | Lair:1   | Noticed a six-headed hydra
 11055 | Lair:1   | Killed a three-headed hydra
 11122 | Lair:1   | Reached skill level 1 in Evocations
 11151 | Lair:1   | Noticed Nergalle
 11162 | Lair:1   | Killed Nergalle
 11255 | Lair:1   | Reached XP level 13. HP: 41/68 MP: 14/19
 11782 | Lair:2   | Found a glowing golden altar of the Shining One.
 12316 | Lair:3   | Reached skill level 11 in Shields
 12543 | Lair:3   | Found a dark tunnel.
 12548 | Volcano  | Entered a volcano
 12635 | Volcano  | Noticed a stone giant
 12642 | Volcano  | Killed a stone giant
 12803 | Lair:3   | Found a staircase to the Snake Pit.
 13177 | Lair:3   | Found a staircase to the Swamp.
 13653 | Lair:4   | Noticed Kirke
 13670 | Lair:4   | Killed Kirke
 14026 | Lair:4   | Reached XP level 14. HP: 66/75 MP: 21/21
 14177 | Lair:4   | Identified the +5 rapier of Mutilation {venom, *Drain Int+4 Dex+6 Stlth+} (You found it on level 4 of the Lair of Beasts)
 14382 | Lair:5   | Found a runed door.
 14384 | Lair:5   | Found a viscous altar of Jiyva.
 14387 | Lair:5   | Found a staircase to the Slime Pits.
 14918 | Lair:6   | Entered Level 6 of the Lair of Beasts
 14918 | Lair:6   | Found a labyrinth entrance.
 14992 | Lab      | Entered a labyrinth
 15141 | Lab      | Identified the amulet "Ben Rosewn" {Harm *Drain rN+ Str+4} (You took it off a minotaur in a labyrinth)
 15157 | Lab      | Identified the +1 leather armour of Tastuota {rC++ Str+3 Int-3} (You took it off a minotaur in a labyrinth)
 15195 | Lair:6   | Identified the +6 trident "Dics" {protect, Stlth+} (You found it on level 6 of the Lair of Beasts)
 15368 | Lair:6   | Reached skill level 5 in Evocations
 16010 | Lair:6   | Got a scorched graven amulet
 16011 | Lair:6   | Identified the amulet "Guajisch" {+Fly rN+ Regen+ Str+3 Int-5} (You found it on level 6 of the Lair of Beasts)
 16366 | D:13     | Reached XP level 15. HP: 80/80 MP: 23/23
 16463 | D:13     | Reached skill level 12 in Shields
 16467 | D:13     | Noticed a tengu reaver
 16606 | Orc:1    | Entered Level 1 of the Orcish Mines
 16676 | Orc:1    | Noticed Fannar
 16697 | Orc:1    | Killed Fannar
 16789 | Orc:1    | Reached skill level 10 in Invocations
 16814 | Orc:1    | Noticed Urug
 16825 | Orc:1    | Killed Urug
 17021 | Orc:2    | Entered Level 2 of the Orcish Mines
 17128 | Orc:2    | Reached skill level 10 in Fighting
 17209 | Orc:2    | Found Roczesea's Antique Armour Shop.
 17217 | Orc:2    | Bought a dazzling helmet for 342 gold pieces
 17230 | Orc:2    | Identified the cursed +0 helmet "Ossuewes" {rElec rC+} (You bought it in a shop on level 2 of the Orcish Mines)
 17242 | Orc:2    | Bought a pair of embroidered gloves for 270 gold pieces
 17375 | Orc:2    | Found a staircase to the Elven Halls.
 17405 | Orc:2    | Found Ramam's Antique Weapon Boutique.
 17406 | Orc:2    | Noticed an orc warlord
 17469 | Orc:1    | Killed an orc warlord
 18065 | Orc:2    | Found Aquoshroff's General Store.
 18099 | Orc:2    | Bought a scroll of teleportation for 39 gold pieces
 18155 | Orc:2    | Found Xekk's Jewellery Emporium.
 18196 | Orc:2    | Bought an uncursed ring of see invisible for 180 gold pieces
 18543 | D:13     | Killed a tengu reaver
 18667 | D:13     | Noticed Maurice
 18675 | D:13     | Killed Maurice
 18758 | D:13     | Found a gate to the Vaults.
 18801 | D:13     | Reached ****** piety under Uskayaw
 18945 | D:13     | Noticed Azrael
 18951 | D:13     | Killed Azrael
 18951 | D:13     | Reached XP level 16. HP: 75/86 MP: 25/25
 19100 | D:13     | Noticed a tengu reaver
 19115 | D:13     | Killed a tengu reaver
 19197 | D:13     | Got a heavily runed ring mail
 19967 | D:15     | Entered Level 15 of the Dungeon
 20167 | D:15     | Identified the +1 ring mail of the Sacrificial Victim {rF- rC+ Str+2} (You found it on level 13 of the Dungeon)
 20479 | D:15     | Found a staircase to the Depths.
 20634 | D:15     | Reached skill level 10 in Long Blades
 20684 | D:15     | Found a glowing golden altar of the Shining One.
 21007 | D:15     | Found a hazy altar of Hepliaklqana.
 21264 | Swamp:1  | Entered Level 1 of the Swamp
 21984 | Swamp:2  | Reached XP level 17. HP: 76/91 MP: 26/26
 22015 | Swamp:2  | Reached skill level 10 in Armour
 22135 | Swamp:2  | Reached skill level 13 in Shields
 22639 | Swamp:3  | Reached skill level 10 in Dodging
 23291 | Swamp:4  | Entered Level 4 of the Swamp
 23681 | Swamp:4  | Got a decaying rune of Zot
 23843 | Swamp:4  | Identified a scroll of acquirement
 24042 | Swamp:4  | Reached XP level 18. HP: 89/98 MP: 28/28
 24348 | Snake:1  | Entered Level 1 of the Snake Pit
 25419 | Snake:2  | Noticed Vashnia
 25465 | Snake:2  | Killed Vashnia
 26417 | Snake:3  | Reached skill level 10 in Evocations
 26421 | Snake:3  | Reached skill level 14 in Shields
 26564 | Snake:4  | Entered Level 4 of the Snake Pit
 26576 | Snake:4  | Reached XP level 19. HP: 102/102 MP: 29/29
 27199 | Snake:4  | Got a serpentine rune of Zot
 27974 | Vaults:1 | Entered Level 1 of the Vaults
 27989 | Vaults:1 | Found a portal to a secret trove of treasure.
 28935 | Vaults:1 | Reached skill level 1 in Stealth
 29258 | Vaults:2 | Reached XP level 20. HP: 109/109 MP: 31/31
 30897 | Vaults:3 | Found a staircase to the Crypt.
 30910 | Vaults:3 | Reached skill level 5 in Stealth
 31163 | Vaults:3 | Reached XP level 21. HP: 89/114 MP: 32/32
 31935 | Vaults:4 | Reached skill level 15 in Shields
 33206 | Vaults:5 | Entered Level 5 of the Vaults
 33218 | Vaults:5 | Noticed a golden dragon
 33218 | Vaults:5 | Noticed an ancient lich
 33225 | Vaults:5 | Noticed a golden dragon
 33257 | Vaults:5 | Killed an ancient lich
 33276 | Vaults:5 | HP: 3/115 [frost giant/bolt of cold (16)]
 33314 | Vaults:5 | Slain by a ghostly vault warden

Vault maps used:
D:1:      sevenhm_arrival_forest_fort_large_2, minmay_hedge_maze
D:2:      chequers_temple_overflow_minitemple, okawaru_ov_weapons_minmay
D:3:      nicolae_overflow_crystal_walls
D:4:      lemuel_doored_altar, minmay_temple_entry_statues_pillars, first_bread,
          minmay_misc_feat_enclosed, hangedman_decor_opposing, roderic_batcave,
          st_stairs_14, uniq_duvessa, uniq_crazy_yiuf_cottage, uniq_natasha
D:5:      nicolae_overflow_hidden_temple, kennysheep_nondescript,
          uniq_prince_ribbit1
D:6:      lemuel_insect_pit, nicolae_dithmenos_through_a_glass_darkly
D:7:      minmay_opposing_rooms, kennysheep_generic_room_15
D:9:      slow_altar_1, lair_entry_dummy, hangedman_fish_farm,
          grunt_decor_one_mirror, abandoned_shop, makhleb_heckhound_becter
D:10:     orc_0_dummy, st_stairs_4, ashenzari_altar_1
D:11:     elyvilon_altar_4, uniq_gastronok, uniq_erica
D:13:     minmay_guarded_unrand_guard, erik_vaults_2,
          portal_ice_cave_entry_pillars_1, hangedman_decor_growths,
          uniq_maurice, uniq_azrael
D:14:     serial_bayou_lagoon_a, minivault_16, wad_floor_pattern_1
D:15:     grunt_enter_depths_snipers, tso_metal_star, basic_altar,
          evilmike_minifort
Temple:   oiseaux_autumnal_temple
Lair:1:   wad_woods_river_01, serial_bayou_shore_a, uniq_nergalle
Lair:2:   basic_altar, infiniplex_staircase_pool, grunt_megastairs_1
Lair:3:   swamp_mist, guppyfry_snake_entry_garden, enter_volcano_4, st_stairs_9
Lair:4:   uniq_kirke
Lair:5:   slime_altar_2, minmay_lair_oklob_chamber
Lair:6:   evilmike_catoblepas_cave, lab_entry_generic, minmay_lair_drake_nest
Swamp:1:  wheals_swamp_sinkhole, swamp_pool2
Swamp:2:  nicolae_swamp_dense_foliage
Swamp:3:  hangedman_swamp_lotus, swamp_pool3
Swamp:4:  swamp_alternative
Snake:1:  nicolae_snake_hallway
Snake:2:  st_stairs_12, uniq_vashnia
Snake:3:  nicolae_snake_salamander_stairs
Snake:4:  snake_pit
Orc:1:    uniq_fannar, uniq_urug
Orc:2:    grunt_orc_gardens, grunt_orc_garden, grunt_orc_garden,
          grunt_orc_garden, grunt_orc_garden
Vaults:1: nicolae_vaults_yaktaur_gun_rack, nicolae_vaults_little_squares_1,
          nicolae_vaults_little_squares_3, ontoclasm_vaults_misaligned,
          nicolae_vaults_windows_and_doors_thing, nicolae_vaults_shelves_hall,
          special_room_vaults, nicolae_trove_entry_path_of_doom
Vaults:2: nicolae_vaults_meeting, vaults_room_grunt_arrival_checkpoint,
          grunt_vaults_diagonal, nicolae_vaults_hallways_thing, v_alt_pattern_5,
          vaults_room_pool, vaults_room_corners, vaults_dpeg_spiral,
          ontoclasm_vaults_eye, nicolae_vaults_asterisk,
          grunt_vaults_hallway_short, nicolae_vaults_shelves_hall,
          dpeg_vaults_monster_row
Vaults:3: vaults_room_fancy_cross, nicolae_vaults_angled_halls,
          vaults_dpeg_doors, nicolae_vaults_little_squares_1, v_misc_19,
          v_misc_27, minmay_crypt_entry_simple_plaza, hangedman_vaults_trim,
          nicolae_vaults_stairing_the_circle, v_alt_pattern_1,
          nicolae_vaults_network_barrier
Vaults:4: vaults_room_boxed, vaults_room_corners, v_misc_17,
          grunt_vaults_trifunnel, nicolae_vaults_triangles,
          hangedman_vaults_hat, nicolae_vaults_mini_display_case,
          nicolae_vaults_good_morning_starshine, v_alt_pattern_1, v_misc_24
Lab:      labyrinth_watery, nicolae_lab_garden, lab_statue,
          labyrinth_skeletal_remains, nicolae_lab_x
Volcano:  volcano_pools

Skill      XL: |  1  2  3  4  5  6  7  8  9 10 11 12 13 14 15 16 17 18 19 20 21 |
---------------+----------------------------------------------------------------+-----
Short Blades   | 2 3 4 |  4.2
Shields        | 3 4 5 6 7 8 9 10 11 12 13 14 15 | 15.3
Fighting       | 3 4 5 6 7 8 9 10 11 12 13 14 | 14.2
Dodging        | 1 2 3 4 5 6 7 8 9 10 11 12 | 12.3
Armour         | 3 4 5 6 7 8 9 10 11 12 | 12.6
Invocations    | 1 2 3 4 5 6 7 8 9 10 11 12 13 14 | 14.9
Long Blades    | 2 4 5 6 7 8 9 10 11 12 13 | 13.4
Evocations     | 1 4 5 6 8 9 10 | 10.6
Stealth        | 1 5 8 |  8.4

Action                   |  1- 3 |  4- 6 |  7- 9 | 10-12 | 13-15 | 16-18 | 19-21 || total
-------------------------+-------+-------+-------+-------+-------+-------+-------++-------
Melee: Rapier            |    78 |   213 |       |       |       |       |       ||   291
       Bite              |    19 |    68 |   120 |   194 |   482 |   747 |   760 ||  2390
       Dagger            |       |    49 |   201 |       |       |       |       ||   250
       Long sword        |       |       |   105 |   460 |   831 |  1212 |  1349 ||  3957
       Short sword       |       |       |    17 |       |       |       |       ||    17
       Mace              |       |       |    14 |       |       |       |       ||    14
       Scimitar          |       |       |       |     7 |    31 |   115 |    36 ||   189
Throw: Tomahawk          |       |     3 |       |       |       |       |       ||     3
       Javelin           |       |       |     1 |    13 |     5 |       |       ||    19
Invok: Line Pass         |       |       |       |       |       |     1 |     6 ||     7
       Grand Finale      |       |       |       |       |       |       |     1 ||     1
Evoke: Wand              |       |       |       |     6 |    33 |     9 |    13 ||    61
  Use: Scroll            |     3 |     3 |     4 |     5 |    18 |    12 |     8 ||    53
       Potion            |     1 |     2 |     1 |     5 |     4 |     1 |     2 ||    16
 Stab: Paralysed         |       |       |    13 |    34 |    88 |   126 |   172 ||   433
       Petrified         |       |       |       |       |     7 |       |       ||     7
       Confused          |       |       |       |       |       |     1 |       ||     1
       Distracted        |       |       |       |       |       |       |     1 ||     1
  Eat: Chunk             |     2 |     6 |     9 |    19 |    16 |    18 |    25 ||    95
       Fruit             |       |       |       |       |     9 |     6 |       ||    15
       Royal jelly       |       |       |       |       |     1 |     2 |       ||     3
Armor: Scale mail        |    22 |    99 |       |       |       |       |       ||   121
       Chain mail        |       |       |    29 |       |       |       |       ||    29
       Plate armour      |       |       |   104 |   160 |   263 |   437 |   221 ||  1185
       Skin              |       |       |       |     2 |       |       |       ||     2
Dodge: Dodged            |    18 |    69 |    60 |   120 |   280 |   338 |   217 ||  1102
       Deflected         |       |       |       |       |       |    21 |    19 ||    40
Block: Shield            |    42 |   130 |   169 |   252 |   516 |       |       ||  1109
       Large shield      |       |       |       |       |    38 |  1738 |  1334 ||  3110
       Reflection        |       |       |       |       |     3 |   138 |   111 ||   252
       Rpst.: Long sword |       |       |     7 |    36 |    71 |    44 |    44 ||   202
       Scimitar          |       |       |       |       |       |       |     1 ||     1
